AoeStats
← Stanko2026

Glade

503482751Analyzed
1v1 RM · 1mo ago on Aug 31, 2026· 51m 5s· 2 players
Game mode
Random Map
Map size
Tiny (2 player)
Population
200
Speed
Normal
Resources
Standard
Victory
Conquest
Starting age
Dark Age
Ending age
Imperial Age
RankedLock teamsTeams togetherTeam positionsShared explorationLock speedFull tech treeHidden civsTurbo modeCheats
Victory
Defeat
🇨🇱 Franks · Chile
769
+16
🇩🇪 Burgundians · Germany
764
-16
Stanko2026
0:28 Loom
5:37 Horse Collar
12:40 Feudal Age
12:53 Double-Bit Axe
13:24 Heavy Plow
15:51 Gold Mining
15:52 Stone Mining
18:21 Gold Shaft Mining
18:22 Stone Shaft Mining
23:43 Castle Age
22:02 Scale Barding Armor
21:58 Scale Mail Armor
21:49 Fletching
24:11 Forging
24:02 Padded Archer Armor
25:09 Pikeman
25:50 Squires
27:19 Chain Mail Armor
27:40 Iron Casting
27:05 Padded Archer Armor
26:29 Elite Skirmisher
27:37 Arson
28:44 Bodkin Arrow
29:59 Burgundian Vineyards
29:47 Town Watch
30:37 Wheelbarrow
31:45 Fervor
31:55 Sanctity
31:37 Devotion
31:51 Redemption
32:51 Town Patrol
35:47 Leather Archer Armor
35:53 Chain Barding Armor
40:29 Imperial Age
38:22 Ballistics
37:59 Murder Holes
43:19 Chemistry
46:55 Light Cavalry
47:37 Husbandry
48:19 Man-at-Arms
49:11 Long Swordsman
49:26 Hussar
Sir Paul
5:22 Loom
9:33 Feudal Age
16:14 Double-Bit Axe
19:25 Castle Age
19:51 Gold Mining
25:55 Husbandry
28:04 Wheelbarrow
29:08 Forging
34:24 Imperial Age
33:42 Hand Cart
33:48 Scale Mail Armor
35:55 Iron Casting
34:43 Cavalier
35:14 Gambesons
35:33 Squires
35:27 Town Watch
36:08 Heavy Scorpion
39:01 Blast Furnace
38:35 Chain Mail Armor
38:42 Ballistics
39:26 Chemistry
41:29 Conscription
43:25 Light Cavalry
44:17 Bow Saw
47:56 Gold Shaft Mining
47:30 Town Patrol
49:09 Plate Mail Armor
48:45 Scale Barding Armor
Connection lost

Rejoining the realm…

Still unreachable

The connection could not be restored.

Session expired

The server has moved on; the page needs a fresh start.